 Dungeon Crawl Stone Soup version 0.28.0 (webtiles) character file.

Game seed: 2504869692589328706

14 Ayihk420 the Poker (level 2, 16/19 HPs)
             Began as a Tengu Cinder Acolyte on Feb 5, 2022.
             Was an Elder of Ignis.
             Quit the game on level 1 of the Dungeon.
             The game lasted 00:02:21 (497 turns).

Ayihk420 the Poker (Tengu Cinder Acolyte)            Turns: 497, Time: 00:02:22

Health: 16/19      AC:  2    Str: 14    XL:     2   Next: 45%
Magic:  4/4        EV: 11    Int: 14    God:    Ignis [****..]
Gold:   71         SH:  0    Dex:  9    Spells: 3/3 levels left

rFire   + . .      SeeInvis .   a - -1 spear (flame)
rCold   . . .      Faith    .   (no shield)
rNeg    . . .      Spirit   .   b - +0 robe
rPois   .          Reflect  .   (helmet restricted)
rElec   .          Harm     .   (no cloak)
rCorr   .          Rampage  .   (no gloves)
Will    .....                   (boots unavailable)
Stlth   +.........              (no amulet)
HPRegen 0.06/turn               (no ring)
MPRegen 0.09/turn               (no ring)

@: no status effects
A: beak, talons 3
a: Renounce Religion, Fiery Armour, Foxfire Swarm, Rising Flame


You were on level 1 of the Dungeon.
You worshipped Ignis.
Ignis was greatly pleased with you.
You visited 1 branch of the dungeon, and saw 1 of its levels.

You collected 71 gold pieces.

Inventory:

Hand Weapons
 a - a -1 spear of flaming (weapon)
 d - a +0 short sword
 e - a +0 club
Missiles
 g - 15 stones (quivered)
Armour
 b - a +0 robe (worn)
Scrolls
 f - a scroll of amnesia {unknown}
Potions
 c - a potion of mutation {unknown}


   Skills:
 + Level 3.1 Fighting
 + Level 3.6 Polearms
 + Level 0.5 Stealth
 + Level 1.0 Spellcasting
 + Level 3.5 Fire Magic


You had 3 spell levels left.
You didn't know any spells.
Your spell library contained the following spells:

 Spells                   Type           Power      Damage    Failure   Level
 Scorch                   Fire           20%        2d6       10%         2


Dungeon Overview and Level Annotations

Branches:
Dungeon (1/15)

Altars:


Innate Abilities, Weirdness & Mutations

You have a beak for a mouth.
You have claws for feet.


Message History

The bat closely misses you. The bat hits you but does no damage.
The bat barely misses you.
You closely miss the bat. You claw the bat.
You kill the bat!
Things that are here:
a +0 club; a quokka corpse Activating: Foxfire Swarm
Press: ? - help, Dir - look around, f - activate You can't see that place.
Flames leap up around you!
Your foxfire dissipates!
Your foxfire dissipates! x2
Your foxfire dissipates! x13
An endoplasm comes into view.
The endoplasm quivers.
Okay, then.
Activating: Foxfire Swarm
Press: ? - help, Dir - look around, f - activate Flames leap up around you!
Activating: Foxfire Swarm
Press: ? - help, Dir - look around, f - activate There's no space to create foxfire here.
Your foxfire dissipates!
The foxfire hits the endoplasm.
The endoplasm is moderately wounded.
The foxfire hits the endoplasm.
The endoplasm is heavily wounded.
The foxfire hits the endoplasm.
The endoplasm is almost dead.
The foxfire hits the endoplasm but does no damage.
The endoplasm is almost dead.
The foxfire hits the endoplasm.
You kill the endoplasm!
Your foxfire dissipates! x3
Your foxfire dissipates! x9
Activating: Foxfire Swarm
Press: ? - help, Dir - look around, f - activate Flames leap up around you!
Unknown command.
Are you sure you want to abandon this character and quit the game? (Confirm with "yes".)

....####.........
####..##.........
........#.#.#.#####.#.
####..##>.....v........
............).ยง........
####..#........#####.#.
#..#..#.#..v#####.#.. .
............vvvvv.....
.###..#.##.#..vv@vv....#
..........#..vvvvv..###
##.#.#..##.#..vvvvv..#
...#.#..........._.#.#
##.# # . ..#.......# ..
##.#.#.###.......... ..
.......# #.#######.#. #
.......# #. .#.#
.......#


There were no monsters in sight!

Vanquished Creatures
  4 bats (D:1)
  An endoplasm (D:1)
  A goblin (D:1)
  3 quokkas (D:1)
  2 ball pythons (D:1)
  A kobold (D:1)
  3 rats (D:1)
15 creatures vanquished.

Vanquished Creatures (others)
  32 foxfires (D:1)
32 creatures vanquished.

Grand Total: 47 creatures vanquished

Notes
Turn   | Place    | Note
-------+----------+-------------------------------------------
     0 | D:1      | Ayihk420 the Tengu Cinder Acolyte began the quest for the
                  | Orb.
     0 | D:1      | Reached XP level 1. HP: 14/14 MP: 3/3
   350 | D:1      | Reached XP level 2. HP: 14/19 MP: 4/4
   464 | D:1      | Found a faded altar of an unknown god.
   497 | D:1      | Quit the game

Illustrated notes

Levels and vault maps discovered:
D:1:      minmay_arrival_loop, layout_basic, basic_ecumenical_altar

Action                   || total
-------------------------++-------
Melee: Spear             ||    30
       Kick              ||     3
       Peck              ||     2
Invok: Foxfire Swarm     ||     3
 Stab: Sleeping          ||     1
Armor: Robe              ||     9
Dodge: Dodged            ||    13
